 Dungeon Crawl Stone Soup version 0.27-a0-1299-g1ab19c6527 (webtiles) character file.

Game seed: 16144800081764052937

30158 pokeman the Eclecticist (level 13, -15/72 HPs)
             Began as a Deep Elf Hedge Wizard on June 16, 2021.
             Was a High Priest of Vehumet.
             Killed from afar by Qihuler's ghost (31 damage)
             ... with a stone arrow
             ... on level 13 of the Dungeon.
             The game lasted 00:54:32 (18326 turns).

pokeman the Eclecticist (Deep Elf Hedge Wizard)    Turns: 18326, Time: 00:54:33

Health: -15/72     AC:  7    Str:  9    XL:     13   Next: 19%
Magic:  12/36      EV: 13    Int: 25    God:    Vehumet [*****.]
Gold:   1387       SH:  0    Dex: 16    Spells: 25/47 levels left

rFire    . . .     SeeInvis .   Y - +11 war axe "Udwey" {flame, Str+2 Dex+2 Stlth+}
rCold    . . .     Faith    .   (no shield)
rNeg     + . .     Spirit   .   E - +0 troll leather armour
rPois    +         Reflect  .   U - +1 hat {Stlth+}
rElec    .         Harm     .   (no cloak)
rCorr    .         Rampage  .   R - +0 pair of gloves
Will     +....                  (no boots)
Stlth    ++++......             (no amulet)
HPRegen  1.22/turn              B - ring of poison resistance
MPRegen  0.25/turn              W - ring of positive energy

@: no status effects
A: no striking features
a: Renounce Religion


You were on level 13 of the Dungeon.
You worshipped Vehumet.
Vehumet was extremely pleased with you.
You visited 2 branches of the dungeon, and saw 14 of its levels.

You collected 1387 gold pieces.

Inventory:

Hand Weapons
 L - a +1 hand crossbow of freezing
 Y - the +11 war axe "Udwey" (weapon) {flame, Str+2 Dex+2 Stlth+}
   (You took it off a death knight on level 11 of the Dungeon)

   It has been specially enchanted to burn those struck by it, causing extra
   injury to most foes and up to half again as much damage against particularly
   susceptible opponents.
   Big, fiery blades are also staple armaments of hydra-hunters.
   It affects your strength (+2).
   It affects your dexterity (+2).
   It makes you more stealthy.
Missiles
 k - 152 bolts
Armour
 f - +0 acid dragon scales
 r - a scarf of invisibility
 E - a +0 troll leather armour (worn)
 F - a scarf of shadows
 R - a +0 pair of gloves (worn)
 U - a +1 hat of stealth (worn)
 V - a +2 robe of cold resistance
Jewellery
 c - a ring of protection from cold
 B - a ring of poison resistance (left hand)
 W - a ring of positive energy (right hand)
Wands
 C - a wand of mindburst (18)
Scrolls
 a - a scroll of enchant weapon
 g - 2 scrolls of enchant armour
 h - a scroll of fog
 m - 3 scrolls of magic mapping
 n - 2 scrolls of teleportation
 x - 3 scrolls of acquirement {unknown}
 G - 2 scrolls of silence {unknown}
 N - a scroll of blinking {unknown}
 S - a scroll of brand weapon {unknown}
 X - a scroll of fear {unknown}
Potions
 b - a potion of cancellation {unknown}
 d - a potion of magic
 e - 2 potions of might {unknown}
 j - 3 potions of heal wounds
 o - 5 potions of curing
 s - a potion of berserk rage {unknown}
 t - a potion of flight {unknown}
 z - a potion of mutation {unknown}
 A - a potion of resistance {unknown}
 M - a potion of brilliance {unknown}


   Skills:
 - Level 5.0 Fighting
 + Level 4.8 Armour
 - Level 4.0 Dodging
 - Level 3.1 Stealth
 - Level 4.0 Shields
 * Level 17.8 Spellcasting
 + Level 11.0 Conjurations
 - Level 1.1 Summonings
 - Level 1.1 Translocations
 - Level 1.1 Transmutations
 + Level 10.3 Fire Magic
 - Level 1.3 Air Magic
 - Level 1.0 Earth Magic
 - Level 1.3 Poison Magic
 - Level 1.0 Evocations


You had 25 spell levels left.
You knew the following spells:

 Your Spells              Type           Power      Damage    Failure   Level
a - Magic Dart            Conj           100%       1d8       1%          1
b - Mephitic Cloud        Conj/Pois/Air  45%        N/A       1%          3
c - Call Imp              Summ           27%        N/A       2%          2
d - Blink                 Tloc           N/A        N/A       2%          2
e - Conjure Flame         Conj/Fire      66%        6-21      1%          3
f - Foxfire               Conj/Fire      100%       2x1d9     1%          1
g - Stone Arrow           Conj/Erth      100%       3d13      1%          3
h - Passwall              Tmut/Erth      22%        N/A       2%          2
i - Bolt of Magma         Conj/Fire/Erth 28%        4d13      1%          5

Your spell library contained the following spells:

 Spells                   Type           Power      Damage    Failure   Level
 Sandblast                Erth           54%        2d13      1%          1
 Dazzling Flash           Conj/Hex       98%        N/A       1%          3
 Corona                   Hex            24%        N/A       3%          1
 Ensorcelled Hibernation  Hex/Ice        44%        N/A       4%          2
 Slow                     Hex            22%        N/A       4%          2
 Confusing Touch          Hex            22%        N/A       9%          3
 Tukima's Dance           Hex            22%        N/A       9%          3
 Lee's Rapid Deconstruct  Erth           13%        3d10*     13%         5
 Petrify                  Tmut/Erth      27%        N/A       19%         4


Dungeon Overview and Level Annotations

Branches:
Dungeon (13/15)            Temple (1/1) D:6            Lair (0/6) D:9
    Orc (0/2) D:12
 Vaults: D:13-14

Altars:
Ashenzari
Cheibriados
Dithmenos
Elyvilon
Fedhas
Gozag
Hepliaklqana
Kikubaaqudgha
Makhleb
Nemelex Xobeh
Okawaru
Qazlal
Ru
Sif Muna
Trog
Uskayaw
Vehumet
Wu Jian
Xom
Yredelemnul
Zin
The Shining One
Beogh

Annotations:
D:13 Qihuler's ghost, journeyman DEWz


Message History

The eight-headed hydra bites you! x2
The eight-headed hydra bites you but does no damage.
The eight-headed hydra bites you. x2
* * * LOW HITPOINT WARNING * * *
The eight-headed hydra bites you!
* * * LOW HITPOINT WARNING * * *
The eight-headed hydra misses you. The eight-headed hydra bites you.
* * * LOW HITPOINT WARNING * * *
Unknown command.
The eight-headed hydra is engulfed in blazing flames.
You kill the eight-headed hydra!
Vehumet accepts your kill.
You feel your power returning.
There is an open door here.
Casting: Bolt of Magma (dangerous; 1% risk of failure)
Confirm with . or Enter, or press ? or * to list all spells.
Aiming: Bolt of Magma (dangerous; 1% risk of failure)
Press: ? - help, Shift-Dir - straight line, f - Qihuler's ghost
Aim: Qihuler's ghost (moderately damaged, 64% to hit)
The bolt of magma hits Qihuler's ghost!!
Qihuler's ghost is severely damaged.
Unknown command.
Casting: Bolt of Magma (dangerous; 1% risk of failure)
Confirm with . or Enter, or press ? or * to list all spells.
Aiming: Bolt of Magma (dangerous; 1% risk of failure)
Press: ? - help, Shift-Dir - straight line, f/p - Qihuler's ghost
Aim: Qihuler's ghost (severely damaged, 64% to hit)
The bolt of magma hits Qihuler's ghost.
Qihuler's ghost is severely damaged.
Unknown command.
Casting: Bolt of Magma (dangerous; 1% risk of failure)
Confirm with . or Enter, or press ? or * to list all spells.
Aiming: Bolt of Magma (dangerous; 1% risk of failure)
Press: ? - help, Shift-Dir - straight line, f/p - Qihuler's ghost
Aim: Qihuler's ghost (severely damaged, 64% to hit)
The bolt of magma hits Qihuler's ghost!
Qihuler's ghost is almost destroyed.
Qihuler's ghost gestures at you while chanting.
The stone arrow hits you!!
You die...

## ##### .# ##...##
.#####.....#######
.....##'##W......###
....##.$§#####.....#
....##W§§#..##.W...# .##..#§§
#..##.....# .#########..##.....#
....# #.....'.##@### #####
###.###.....#.##.# ##...#####
###........##.##.######........#
.....................>.<..####.#
##########.##.##.#####...#####.#
.?.# #.##.##.# ##..###[...# ...#
#.##.##.# #..##.(.##.##
...#######.##.##.# #.###.(.##..#
..(........##.##.####.#...#..#..#


You could see Qihuler's ghost.

Vanquished Creatures
  Gastronok (D:10)
  Josephine (D:11)
  3 boulder beetles
  3 centaur warriors
  Erica (D:11)
  A death knight (D:11)
  3 hydras
  A two-headed ogre (D:10)
  Sonja (D:11)
  A skeletal warrior (D:11)
  A deep elf pyromancer (D:12)
  A manticore (D:13)
  3 cyclopes
  An ugly thing (D:12)
  A guardian serpent (shapeshifter) (D:13)
  3 gargoyles
  2 unseen horrors
  A freezing wraith (D:11)
  6 trolls
  A polar bear (D:9)
  4 slime creatures (D:13)
  Sigmund (D:3)
  8 wraiths
  2 shadows
  8 yaks
  A basilisk (D:13)
  4 steam dragons
  4 vampire mosquitoes
  3 chaos spawn (D:8)
  An acid dragon (D:12)
  Edmund (D:6)
  3 water moccasins
  9 orc warriors
  A swamp drake (D:12)
  5 black bears
  4 sky beasts
  5 ice beasts
  2 necrophages
  4 wolves (D:9)
  2 ogres
  A centaur (D:7)
  3 kobold brigands (D:8)
  5 bullfrogs
  2 gnoll sergeants
  6 scorpions
  15 killer bees
  3 howler monkeys (D:9)
  4 electric eels
  8 centaur zombies
  3 jellies
  2 hounds
  A wyvern simulacrum (D:9)
  3 bullfrog zombies
  4 orc priests (D:12)
  A bullfrog skeleton (D:7)
  5 centaur skeletons
  2 gnoll shamans
  3 iguanas
  15 orc wizards
  3 centaur simulacra
  A killer bee simulacrum (D:9)
  2 howler monkey skeletons
  16 gnolls
  7 adders
  4 river rats (D:5)
  A howler monkey simulacrum (D:9)
  2 white imps (D:9)
  2 ufetubi (D:9)
  A worm (D:3)
  A dart slug (D:1)
  48 orcs
  10 ball pythons
  4 endoplasms
  3 giant cockroaches
  8 goblins
  9 hobgoblins
  4 jackals
  4 quokkas (D:5)
  5 bats
  17 kobolds
  24 rats
370 creatures vanquished.

Vanquished Creatures (collateral kills)
  A two-headed ogre (D:9)
  2 yaks (D:9)
  A killer bee (D:10)
  A river rat (D:5)
  5 orcs
  A kobold (D:8)
  A foxfire (D:9)
12 creatures vanquished.

Vanquished Creatures (others)
  2 orcs (D:8)
  272 foxfires
  36 fungi (D:9)
  39 plants
349 creatures vanquished.

Grand Total: 731 creatures vanquished

Notes
Turn   | Place    | Note
-------+----------+-------------------------------------------
     0 | D:1      | pokeman the Deep Elf Hedge Wizard began the quest for the
                  | Orb.
     0 | D:1      | Reached XP level 1. HP: 10/10 MP: 7/7
   341 | D:1      | Reached XP level 2. HP: 15/15 MP: 6/9
   434 | D:1      | Found a faded altar of an unknown god.
  1034 | D:1      | Reached skill level 5 in Spellcasting
  1444 | D:2      | Reached XP level 3. HP: 20/20 MP: 8/11
  1448 | D:2      | Learned a level 3 spell: Mephitic Cloud
  1451 | D:2      | Learned a level 2 spell: Call Imp
  1454 | D:2      | Learned a level 2 spell: Blink
  1458 | D:2      | Learned a level 3 spell: Conjure Flame
  1714 | D:2      | Reached skill level 1 in Fighting
  1714 | D:2      | Reached skill level 1 in Armour
  1901 | D:2      | Reached XP level 4. HP: 25/25 MP: 11/13
  2646 | D:3      | Found a burning altar of Makhleb.
  2648 | D:3      | Noticed a balrug
  3290 | D:3      | Reached skill level 1 in Fire Magic
  3461 | D:3      | Noticed Sigmund
  3809 | D:3      | Killed Sigmund
  3810 | D:3      | Reached skill level 6 in Spellcasting
  3810 | D:3      | Reached skill level 1 in Air Magic
  3810 | D:3      | Reached XP level 5. HP: 29/29 MP: 8/16
  3810 | D:3      | Reached XP level 6. HP: 34/34 MP: 8/17
  4248 | D:4      | Reached skill level 7 in Spellcasting
  4690 | D:4      | Reached skill level 1 in Poison Magic
  5043 | D:4      | Reached XP level 7. HP: 38/38 MP: 10/20
  5299 | D:5      | Entered Level 5 of the Dungeon
  5418 | D:5      | Reached skill level 1 in Evocations
  5533 | D:5      | Reached skill level 8 in Spellcasting
  5556 | D:5      | Reached skill level 1 in Shields
  6032 | D:5      | Reached skill level 9 in Spellcasting
  6032 | D:5      | Reached XP level 8. HP: 13/43 MP: 1/23
  7012 | D:6      | Reached skill level 5 in Conjurations
  7317 | D:5      | Reached skill level 10 in Spellcasting
  7844 | D:6      | Learned a level 3 spell: Stone Arrow
  7847 | D:6      | Learned a level 2 spell: Passwall
  8034 | D:6      | Noticed Edmund
  8053 | D:6      | Killed Edmund
  8054 | D:6      | Reached XP level 9. HP: 44/48 MP: 15/25
  8107 | D:6      | Found a staircase to the Ecumenical Temple.
  8250 | Temple   | Entered the Ecumenical Temple
  8312 | Temple   | Became a worshipper of Vehumet
  8426 | D:7      | Reached skill level 1 in Transmutations
  8426 | D:7      | Reached skill level 1 in Earth Magic
  9018 | D:7      | Reached skill level 11 in Spellcasting
  9048 | D:7      | Reached * piety under Vehumet
  9048 | D:7      | Offered knowledge of Foxfire by Vehumet.
  9051 | D:7      | Learned a level 1 spell: Foxfire
  9233 | D:7      | Identified the +5 chain mail of the Cockroach {rElec
                  | Stlth+}
  9264 | D:7      | Noticed a boulder beetle
  9450 | D:7      | Killed a boulder beetle
  9451 | D:7      | Reached skill level 12 in Spellcasting
  9451 | D:7      | Reached skill level 5 in Fire Magic
  9580 | D:7      | Found a transporter.
  9586 | D:7      | Found a transporter.
 10171 | D:7      | Noticed a troll
 10176 | D:7      | Killed a troll
 10177 | D:7      | Reached XP level 10. HP: 56/56 MP: 18/28
 11099 | D:8      | Found the +7 mace of Variability {chain chaos}
 11099 | D:8      | Found a shimmering altar of Xom.
 11109 | D:8      | Reached skill level 13 in Spellcasting
 11651 | D:8      | Reached ** piety under Vehumet
 11651 | D:8      | Offered knowledge of Static Discharge by Vehumet.
 12012 | D:9      | Noticed a two-headed ogre
 12023 | D:9      | Offered knowledge of Inner Flame by Vehumet.
 12025 | D:9      | Killed a two-headed ogre
 12050 | D:9      | Reached *** piety under Vehumet
 12053 | D:9      | Reached skill level 14 in Spellcasting
 12112 | D:9      | Reached XP level 11. HP: 60/60 MP: 16/31
 12335 | D:9      | Found a staircase to the Lair.
 12423 | D:9      | Offered knowledge of Ignite Poison by Vehumet.
 12807 | D:10     | Entered Level 10 of the Dungeon
 13445 | D:10     | Reached skill level 15 in Spellcasting
 13553 | D:10     | Noticed a two-headed ogre
 13558 | D:10     | Killed a two-headed ogre
 13576 | D:10     | Noticed Gastronok
 13629 | D:10     | Killed Gastronok
 13761 | D:10     | Reached **** piety under Vehumet
 14126 | D:11     | Noticed Josephine
 14136 | D:11     | Noticed a two-headed ogre
 14279 | D:11     | Noticed Sonja
 14284 | D:11     | Killed Sonja
 14292 | D:11     | Noticed Erica
 14301 | D:11     | Killed Erica
 14302 | D:11     | Reached XP level 12. HP: 49/66 MP: 6/33
 14679 | D:11     | Identified the +11 war axe "Udwey" {flame, Str+2 Dex+2
                  | Stlth+}
 14679 | D:11     | Noticed a death knight
 14790 | D:11     | Reached skill level 16 in Spellcasting
 14893 | D:11     | Killed Josephine
 14933 | D:11     | Offered knowledge of Airstrike by Vehumet.
 15117 | D:11     | Reached skill level 10 in Conjurations
 15186 | D:11     | Killed a death knight
 15869 | D:12     | Noticed a centaur warrior
 15874 | D:12     | Killed a centaur warrior
 15948 | D:12     | Noticed a centaur warrior
 15952 | D:12     | Killed a centaur warrior
 16280 | D:12     | Noticed a boulder beetle
 16363 | D:12     | Killed a boulder beetle
 16545 | D:12     | Reached skill level 5 in Fighting
 16545 | D:12     | Reached skill level 17 in Spellcasting
 16564 | D:12     | Noticed a seven-headed hydra
 16567 | D:12     | Killed a seven-headed hydra
 16882 | D:12     | Found a staircase to the Orcish Mines.
 17145 | D:13     | Reached skill level 10 in Fire Magic
 17170 | D:13     | Noticed a five-headed hydra
 17178 | D:13     | Killed a five-headed hydra
 17331 | D:13     | Reached ***** piety under Vehumet
 17331 | D:13     | Offered knowledge of Bolt of Magma by Vehumet.
 17365 | D:13     | Reached XP level 13. HP: 72/72 MP: 13/36
 17371 | D:13     | Learned a level 5 spell: Bolt of Magma
 17946 | D:13     | Found a sparkling altar of Nemelex Xobeh.
 18297 | D:13     | Found a runed translucent door.
 18298 | D:13     | Noticed Qihuler's ghost (journeyman DEWz)
 18326 | D:13     | Killed from afar by Qihuler's ghost

Illustrated notes

Levels and vault maps discovered:
D:1:      dpeg_arrival_line_fractal, layout_basic,
          ebering_ecumenical_altar_webs, minmay_stone_trees_small
D:2:      layout_basic, serial_forest, infiniplex_forest_clump_medium,
          infiniplex_forest_clump_tiny, infiniplex_forest_clump_long,
          infiniplex_forest_clump_double, infiniplex_forest_lined_room_2,
          infiniplex_forest_clump_curved, infiniplex_forest_lined_3_way,
          infiniplex_forest_lined_2, infiniplex_forest_lined_2,
          minmay_shallow_snake_nest
D:3:      layout_loops_ring, makhleb_altar_promises_db, minmay_between,
          uniq_sigmund
D:4:      layout_gridville
D:5:      lemuel_ratsnest, layout_loops_ring
D:6:      layout_cave_pools, minmay_temple_entry_trees, nicolae_sextant,
          uniq_edmund
D:7:      gammafunk_beogh_shrine, layout_loops_ring, serial_rivers,
          chequers_serial_rivers_large_a, chequers_serial_rivers_micro_a,
          chequers_serial_rivers_micro_d, chequers_serial_rivers_micro_d,
          hangedman_misty_isle
D:8:      layout_loops_ring, minmay_guarded_unrand_variability
D:9:      layout_cave_pools, due_lair_maze_entry_diamond, serial_ice,
          serial_ice_j, serial_ice_b, serial_ice_m, serial_ice_f, serial_ice_a,
          serial_ice_c, kennysheep_flooded_box, minivault_22,
          kennysheep_nondescript
D:10:     layout_basic, minmay_door_square, hangedman_weighted_door,
          kennysheep_cluttered_room, uniq_gastronok
D:11:     layout_cave_pools, grunt_ministairs_2, uniq_erica, uniq_josephine,
          uniq_sonja
D:12:     layout_roguey, erik_orc_1, serial_glass, glass_columns_b,
          glass_columns_b
D:13:     layout_basic, ebering_ghost_inner_flame, roderic_lattice_a,
          hangedman_decor_opposing, minmay_ruined_shrine
Temple:   compressed_dpeg_circular_temple

Skill      XL: |  1  2  3  4  5  6  7  8  9 10 11 12 13 |
---------------+----------------------------------------+-----
Spellcasting   | 5 6 7 9 10 12 14 15 17 | 17.8
Fighting       | 1 3 5 |  5.0
Armour         | 1 2 3 4 |  4.8
Conjurations   | 2 3 4 5 7 8 9 10 11 | 11.0
Fire Magic     | 1 2 3 5 7 8 10 | 10.3
Dodging        | 3 4 |  4.0
Air Magic      | 1 |  1.3
Poison Magic   | 1 |  1.3
Evocations     | 1 |  1.0
Shields        | 1 2 3 4 |  4.0
Stealth        | 3 |  3.1
Transmutations | 1 |  1.1
Earth Magic    | 1 |  1.0
Summonings     | |  1.1
Translocations | |  1.1

Action                   |  1- 3 |  4- 6 |  7- 9 | 10-12 | 13-15 || total
-------------------------+-------+-------+-------+-------+-------++-------
Melee: Dagger            |     5 |     6 |     5 |       |       ||    16
       Short sword       |       |       |     7 |       |       ||     7
       Falchion          |       |       |    84 |   143 |       ||   227
       Staff             |       |       |     4 |       |       ||     4
       War axe           |       |       |       |    12 |       ||    12
 Cast: Magic Dart        |   111 |   121 |   139 |    21 |       ||   392
       Conjure Flame     |       |     4 |    29 |    35 |     3 ||    71
       Mephitic Cloud    |       |     4 |    22 |    62 |     3 ||    91
       Call Imp          |       |     3 |     9 |     7 |     6 ||    25
       Blink             |       |       |     2 |       |       ||     2
       Stone Arrow       |       |       |    38 |   166 |     4 ||   208
       Foxfire           |       |       |     5 |   146 |       ||   151
       Bolt of Magma     |       |       |       |       |    18 ||    18
  Use: Scroll            |       |       |       |    13 |       ||    13
 Stab: Confused          |       |       |    12 |    16 |       ||    28
Armor: Robe              |     7 |     2 |       |       |       ||     9
       Leather armour    |       |     1 |    19 |       |       ||    20
       Troll leather arm |       |       |       |    73 |     4 ||    77
Dodge: Dodged            |    24 |    16 |    80 |   143 |     6 ||   269
       Rpst.: Falchion   |       |       |    20 |    28 |       ||    48

Table legend: (Time is in decaauts)
 A = Elapsed time spent in this place.
 B = Non-inter-level travel time spent in this place.
 C = Inter-level travel time spent in this place.
 D = Time resting spent in this place.
 E = Time spent auto-exploring this place.
 F = Levels seen in this place.
 G = Mean time per level.
                   A        B        C        D        E       F      G
               +--------+--------+--------+--------+--------+-----+--------+
         Total |  18425 |  17621 |    804 |   1917 |  12864 |  14 | 1316.1 |
       Dungeon |  18303 |  17514 |    789 |   1917 |  12810 |  13 | 1407.9 |
        Temple |    122 |    108 |     14 |      0 |     54 |   1 |  122.0 |
               +--------+--------+--------+--------+--------+-----+--------+

Top non-repeatable levels by time:
     D:7: 2248 daAuts
     D:5: 1798 daAuts
    D:10: 1573 daAuts
     D:2: 1430 daAuts
    D:13: 1364 daAuts
     D:3: 1360 daAuts
     D:6: 1354 daAuts
     D:1: 1301 daAuts
    D:12: 1293 daAuts
     D:4: 1208 daAuts
     D:8: 1182 daAuts
     D:9: 1121 daAuts
    D:11: 1065 daAuts
  Temple: 122 daAuts
